Map: [ESL] Post-Youth

Players

SpeCial - Winner!

  • Race: Terran Terran
  • Spawn Location: 1:00

Maplez

  • Race: Protoss Protoss
  • Spawn Location: 7:00

Event: ESL SC2 Masters 2024 Spring (Regional)

VOD

Have the link to the VOD?

Description

Time

  • Played on: April 18, 2024, 3:29 p.m.
  • Length: 7:55

All games in this series

Show
View Real Time Build Order
Export as new Build Order

SpeCial Terran - Winner!

Build Orders: Liberator Opening 

Get SALT Encoding   

  12  0:00  SCV  
  13  0:12  SCV  
  14  0:17  Supply Depot  
  14  0:24  SCV  
  15  0:39  SCV  
  15  0:40  Barracks  
  16  0:44  Refinery  
  16  0:51  SCV  
  16  0:54  Refinery  
  17  1:03  SCV  
  18  1:15  SCV  
  19  1:28  Orbital Command, Reaper  
  20  1:44  Factory  
  20  1:47  Supply Depot  
  20  1:54  SCV  
  21  2:01  Barracks Reactor  
  21  2:06  SCV  
  22  2:18  SCV  
  22  2:22  Command Center  
  23  2:30  Starport  
  23  2:33  SCV  
  26  2:37  Widow Mine  
  26  2:41  Marine  
  26  2:42  Marine  
  28  2:49  Supply Depot  
  28  2:51  SCV  
  29  2:59  Marine  
  29  3:00  Marine  
  31  3:10  Medivac  
  31  3:11  SCV, Widow Mine  
  36  3:18  Marine  
  37  3:20  Marine  
  37  3:23  SCV  
  39  3:33  Factory Tech Lab  
  39  3:35  SCV  
  39  3:36  Marine  
  39  3:38  Orbital Command, Marine  
  42  3:46  Liberator  
  42  3:48  SCV  
  46  3:55  Supply Depot  
  46  3:58  Marine x2  
  46  4:01  SCV  
  49  4:03  SCV  
  49  4:08  Siege Tank  
  53  4:16  Marine x2  
  55  4:17  SCV x2  
  55  4:22  Supply Depot  
  56  4:29  SCV  
  55  4:34  Marine x2  
  55  4:35  SCV  
  52  4:41  SCV  
  52  4:42  Barracks  
  52  4:44  Siege Tank  
  56  4:47  Viking  
  56  4:49  Supply Depot  
  56  4:50  SCV  
  56  4:51  Marine  
  56  4:52  Marine  
  61  4:56  SCV  
  62  5:02  SCV, Engineering Bay  
  62  5:06  Refinery  
  61  5:08  SCV  
  61  5:09  Supply Depot  
  61  5:13  Marine x2  
  64  5:14  SCV  
  64  5:19  Starport Reactor  
  64  5:20  SCV  
  66  5:23  Barracks  
  66  5:26  SCV  
  67  5:34  Marine  
  66  5:39  SCV  
  66  5:41  Factory Tech Lab  
  66  5:42  Terran Infantry Weapons Level 1  
  67  5:46  Marine  
  67  5:48  SCV  
  69  5:50  Stimpack, Marauder  
  69  5:51  Supply Depot  
  71  5:57  Refinery  
  71  5:58  Marine  
  71  6:00  SCV x2  
  74  6:08  Marine  
  69  6:12  SCV x2, Marauder  
  69  6:16  Marine  
  73  6:20  Medivac x2  
  73  6:24  SCV x2  
  79  6:29  Factory Reactor  
  79  6:32  Marine, Supply Depot  
  76  6:33  Combat Shield, Marine, Marauder  
  76  6:34  Supply Depot  
  76  6:36  SCV, Marauder  
  83  6:40  Command Center  
  83  6:45  Missile Turret  
  83  6:49  SCV  
  83  6:50  Marine  
  83  6:51  Marine  
  85  6:56  Marauder  
  85  6:57  Marauder  
  89  7:02  Barracks  
  89  7:04  Barracks  
  89  7:08  Widow Mine x2, Marine  
  93  7:09  Medivac, Marine  
  93  7:12  Medivac  
  99  7:17  SCV x2  
  99  7:20  Supply Depot  
  101  7:28  Marine x2  
  101  7:29  Marauder x2  
  107  7:31  Widow Mine  
  107  7:32  SCV  
  110  7:43  SCV  
  109  7:45  Supply Depot  
  111  7:51  Barracks Tech Lab, Barracks Reactor  
Show
View Real Time Build Order
Export as new Build Order

Maplez Protoss 

Build Orders: 1 Gate Expand, Blink Stalkers 

Get SALT Encoding   

  12  0:00  Probe  
  13  0:12  Probe  
  14  0:18  Pylon  
  14  0:24  Probe (Chrono Boost)  
  15  0:37  Gateway  
  15  0:38  Probe (Chrono Boost)  
  16  0:42  Probe (Chrono Boost)  
  16  0:47  Assimilator  
  17  0:53  Probe  
  18  1:06  Probe  
  19  1:18  Probe  
  20  1:24  Cybernetics Core  
  20  1:35  Nexus  
  20  1:42  Pylon  
  20  1:45  Probe  
  21  1:55  Assimilator  
  21  1:57  Probe, Adept (Chrono Boost)  
  24  2:03  Warp Gate  
  24  2:09  Probe  
  25  2:17  Adept (Chrono Boost)  
  25  2:21  Probe  
  28  2:31  Twilight Council  
  28  2:33  Probe  
  29  2:40  Stalker  
  31  2:47  Probe (Chrono Boost)  
  33  2:52  Probe (Chrono Boost)  
  33  2:56  Probe (Chrono Boost)  
  34  3:00  Gateway  
  34  3:01  Probe x2 (Chrono Boost)  
  36  3:06  Blink (Chrono Boost)  
  36  3:13  Probe  
  36  3:15  Probe  
  38  3:25  Probe  
  38  3:26  Robotics Facility  
  39  3:27  Probe  
  40  3:37  Gateway, Probe  
  40  3:39  Probe  
  42  3:44  Gateway  
  42  3:49  Probe  
  42  3:50  Pylon  
  42  3:51  Probe  
  42  3:54  Assimilator  
  44  4:01  Probe  
  45  4:03  Probe  
  46  4:11  Stalker x2  
  49  4:21  Warp Prism (Chrono Boost)  
  47  4:29  Probe  
  48  4:32  Stalker  
  48  4:36  Probe  
  50  4:41  Probe  
  50  4:44  Stalker  
  53  4:46  Pylon  
  53  4:47  Pylon  
  53  4:52  Observer  
  54  5:06  Stalker x2  
  54  5:08  Pylon  
  54  5:11  Probe  
  54  5:13  Probe  
  56  5:14  Stalker x2  
  60  5:23  Probe  
  60  5:25  Probe  
  62  5:35  Probe  
  62  5:42  Stalker  
  66  5:44  Stalker x2  
  66  5:46  Stalker  
  71  5:55  Nexus  
  69  6:09  Stalker x3  
  67  6:17  Observer, Probe (Chrono Boost)  
  64  6:20  Stalker, Assimilator  
  64  6:29  Probe (Chrono Boost)  
  64  6:30  Probe (Chrono Boost)  
  64  6:35  Templar Archives  
  64  6:36  Forge  
  64  6:39  Pylon  
  65  6:40  Probe x2 (Chrono Boost)  
  65  6:48  Pylon  
  65  6:49  Probe  
  65  6:51  Probe  
  67  7:01  Probe  
  67  7:03  Probe  
  67  7:04  Pylon  
  67  7:06  Gateway  
  67  7:07  Gateway  
  69  7:13  Probe  
  70  7:20  Probe x2, High Templar x2  
  76  7:29  Pylon  
  76  7:31  Shield Battery  
  74  7:39  Gateway  
  71  7:45  Stalker x2  
  71  7:47  Gateway  
Tags
 
Add a new tag
Caveats
  • Supply blocks, unpowered buildings, or Contaminate may cause inaccurate times.
  • Supply counts are checked every 10 seconds.